 Dungeon Crawl Stone Soup version 0.22-a0-392-g5dc3fd9 (webtiles) character file.

73 JeffiDaFish the Firebug (level 4, -3/33 HPs)
             Began as a Draconian Fire Elementalist on May 2, 2018.
             Slain by Natasha (6 damage)
             ... on level 2 of the Dungeon.
             The game lasted 00:04:00 (2154 turns).

JeffiDaFish the Firebug (DrFE)                      Turns: 2154, Time: 00:04:00

Health: -3/33      AC:  5    Str: 10    XL:     4   Next: 8%
Magic:  0/7        EV: 12    Int: 16    God:
Gold:   86         SH:  0    Dex: 12    Spells: 0/8 levels left

rFire    . . .     SeeInvis .   c - +0 dagger
rCold    . . .     Gourm    .   (no shield)
rNeg     . . .     Faith    .   (armour unavailable)
rPois    .         Spirit   .   (helmet restricted)
rElec    .         Reflect  .   (no cloak)
rCorr    .         Harm     .   (no gloves)
MR       .....                  (no boots)
Stlth    ++........             (no amulet)
HPRegen  0.11/turn              (no ring)
MPRegen  0.10/turn              (no ring)

@: very slightly contaminated, hasted and slowed
A: unfitting armour, cold-blooded, AC +5
a: no special abilities


You were on level 2 of the Dungeon.
You were hungry.

You visited 1 branch of the dungeon, and saw 2 of its levels.

You collected 86 gold pieces.

Inventory:

Hand Weapons
 c - a +0 dagger (weapon)
Scrolls
 a - a scroll of teleportation
 f - a scroll of identify
 g - a scroll of fog
Potions
 d - 2 potions of mutation {unknown}
Comestibles
 b - 4 rations


   Skills:
 - Level 2.0 Dodging
 - Level 1.7 Stealth
 + Level 2.6 Spellcasting
 * Level 2.7 Conjurations
 + Level 3.5 Fire Magic


You couldn't memorise any spells.
You knew the following spells:

 Your Spells              Type           Power        Failure   Level  Hunger
a - Flame Tongue          Conj/Fire      ##...        5%          1    #......
b - Conjure Flame         Conj/Fire      ##......     16%         3    ###....
c - Sticky Flame          Conj/Fire      ##......     47%         4    #####..


Dungeon Overview and Level Annotations

Branches:
Dungeon (2/15)

Altars:
The Shining One

Annotations:
D:2 Jessica, Natasha


Innate Abilities, Weirdness & Mutations

Your plain brown scales are hard. (AC +5)
You cannot fit into any form of body armour.
You are cold-blooded and may be slowed by cold attacks.


Message History

Aiming: Conjure Flame (safe; 16% risk of failure)
Press: ? - help, Dir - move target cursor, p - Jessica You miscast Conjure Flame.
Nothing appears to happen.
The gnoll throws a stone.
The stone hits you but does no damage.
Jessica mumbles some strange words.
Jessica seems to speed up.
Natasha mumbles some strange words.
You feel disoriented.
You feel yourself speed up. Natasha closely misses you.
Jessica gestures at you while chanting. Pain shoots through your body!
Natasha growls.
Natasha claws you.
* * * LOW HITPOINT WARNING * * *
You hit Natasha but do no damage. Natasha claws you.
* * * LOW HITPOINT WARNING * * *
You hit Natasha.
Natasha is lightly wounded.
Natasha claws you.
You die...

#######.#####.#
#.# #.# #.# #.#
#.# #.#
##.#####.# #####
#...).#..# ##
#..g# ##.##....##
... ..g.h..#h#
####.....# ...
......@#@#
#....## ...
.......#@# #.#.##
### ###'####.#
#.#.# #..
#..#######.#.#
#..
##.......<...##
.. #............#
#########.##.####
########.#.#)..#
###
#........#####.#


You could see Natasha, a gnoll and Jessica.

Vanquished Creatures
  2 gnolls (D:2)
  3 adders (D:2)
  3 bats
  7 goblins
  4 hobgoblins
  3 frilled lizards
  4 kobolds (D:1)
  2 rats (D:1)
28 creatures vanquished.

Notes
Turn   | Place    | Note
-------+----------+-------------------------------------------
     0 | D:1      | JeffiDaFish the Draconian Fire Elementalist began the quest for the Orb.
     0 | D:1      | Reached XP level 1. HP: 14/14 MP: 3/3
     2 | D:1      | Noticed a minotaur zombie
     7 | D:1      | Noticed a minotaur zombie
   144 | D:1      | Reached XP level 2. HP: 20/20 MP: 3/5
   864 | D:2      | Found a glowing golden altar of the Shining One.
   964 | D:2      | Reached XP level 3. HP: 19/26 MP: 2/6
   992 | D:2      | Learned a level 3 spell: Conjure Flame
  1728 | D:2      | Reached XP level 4. HP: 27/33 MP: 0/7
  1931 | D:2      | Learned a level 4 spell: Sticky Flame
  2138 | D:2      | Noticed Natasha
  2138 | D:2      | Noticed Jessica
  2154 | D:2      | Slain by Natasha

Vault maps used:
D:1:      shiori_arrival_whats_in_store_for_you
D:2:      kennysheep_six_static_rooms, nicolae_overflow_crystal_walls,
          gammafunk_temple_overflow_statue, first_ration, uniq_natasha,
          uniq_jessica

Skill      XL: |  1  2 |
---------------+-------+-----
Dodging        | 2 |  2.0
Conjurations   | 2 |  2.7
Stealth        | |  1.7
Spellcasting   | |  2.6
Fire Magic     | |  3.5

Action                   |  1- 3 |  4- 6 || total
-------------------------+-------+-------++-------
Melee: Unarmed           |     4 |       ||     4
       Dagger            |    19 |    22 ||    41
       Tailslap          |     1 |     2 ||     3
 Cast: Flame Tongue      |    35 |     2 ||    37
       Conjure Flame     |     2 |       ||     2
  Use: Scroll            |     4 |     3 ||     7
       Potion            |     1 |     2 ||     3
 Stab: Sleeping          |     3 |       ||     3
  Eat: Chunk             |     3 |     1 ||     4
Armor: Skin              |     4 |     8 ||    12
Dodge: Dodged            |    14 |    15 ||    29

Table legend:
 A = Spawn XP
 B = Non-spawn XP
 C = Spawn XP percentage of total XP
 D = Spawn monster count
 E = Non-spawn monster count
 F = Spawn count percentage of total count
 G = Total turns spent on level
                    A         B        C        D         E        F      G
               +---------+---------+-------+---------+---------+-------+---------
         Total |       0 |     105 |   0.0 |       0 |      28 |   0.0 |  2154
               +---------+---------+-------+---------+---------+-------+---------
           D:1 |       0 |      19 |   0.0 |       0 |      12 |   0.0 |   560
           D:2 |       0 |      86 |   0.0 |       0 |      16 |   0.0 |  1594
               +---------+---------+-------+---------+---------+-------+---------
